 Dungeon Crawl Stone Soup version 0.30.0-15-g856e2d3f33 (webtiles) character file.

Game seed: 1030155175228305305

2151 jagang the Chiller (level 8, -6/57 HPs)
             Began as a Demigod Ice Elementalist on May 18, 2023.
             Mangled by an ice beast (7 damage)
             ... on level 6 of the Dungeon.
             The game lasted 00:27:55 (6339 turns).

jagang the Chiller (Demigod Ice Elementalist)       Turns: 6339, Time: 00:27:55

Health: -6/57      AC:  4    Str:  6 (9)  XL:     8   Next: 84%
Magic:  18/18      EV: 13    Int: 23 (25) God:
Gold:   261        SH:  5    Dex: 12 (14) Spells: 9/16 levels left

rFire   . . .        r - +0 short sword (speed)
rCold   . . .        (no shield)
rNeg    . . .        a - +0 robe
rPois   .            (no helmet)
rElec   .            (no cloak)
rCorr   .            j - +0 pair of gloves
SInv    .            l - +0 pair of boots
Will    .....        p - amulet of reflection
Stlth   ++           (no ring)
HPRegen 0.29/turn    (no ring)
MPRegen 0.16/turn

%: reflection
@: invisible
A: high MP 1, forlorn, divine attributes
a: no special abilities


You were on level 6 of the Dungeon.
You visited 1 branch of the dungeon, and saw 6 of its levels.

You collected 261 gold pieces.

Inventory:

Hand Weapons
 r - a +0 short sword of speed (weapon)
 A - a +1 whip of freezing
 J - a +0 long sword
Armour
 a - a +0 robe (worn)
 j - a +0 pair of gloves (worn)
 l - a +0 pair of boots (worn)
 C - an orb of guile
 F - the +3 plate armour of the Dice {rF++ Dex-3}
   (You found it on level 6 of the Dungeon)

   Dex:       It affects your dexterity (-3).
   rF:        It greatly protects you from fire.
Magical Staves
 v - a staff of cold
Jewellery
 p - an amulet of reflection (around neck)
 E - a ring of see invisible
 G - an amulet of guardian spirit
Wands
 o - a wand of paralysis (11)
 u - a wand of mindburst (15)
 x - a wand of flame (18)
Scrolls
 c - 7 scrolls of identify {unknown}
 d - 2 scrolls of enchant armour {unknown}
 f - a scroll of noise {unknown}
 g - a scroll of fear {unknown}
 h - a scroll of enchant weapon {unknown}
 m - a scroll of brand weapon {unknown}
 n - a scroll of magic mapping {unknown}
 q - 3 scrolls of teleportation {unknown}
 w - a scroll of poison {unknown}
 y - a scroll of summoning {unknown}
 B - 2 scrolls of amnesia {unknown}
 H - 2 scrolls of fog {unknown}
Potions
 b - 3 potions of magic
 i - a potion of haste {unknown}
 k - 4 potions of degeneration
 s - a potion of curing {unknown}
 t - 2 potions of berserk rage
 z - a potion of ambrosia {unknown}
 D - a potion of lignification {unknown}


   Skills:
 + Level 5.3 Dodging
 - Level 1.7 Stealth
 + Level 4.9 Spellcasting
 * Level 5.3 Conjurations
 + Level 7.2 Ice Magic


You had 9 spell levels left.
You knew the following spells:

 Your Spells              Type           Power      Damage    Failure   Level
a - Freeze                Ice            100%       1d10      1%          1
b - Frozen Ramparts       Ice            76%        1d12      1%          3
c - Hailstorm             Conj/Ice       34%        3d9       2%          3

Your spell library contained the following spells:

 Spells                   Type           Power      Damage    Failure   Level
 Ozocubu's Armour         Ice            38%        N/A       1%          3
 Ensorcelled Hibernation  Hex/Ice        44%        N/A       3%          2
 Slow                     Hex            20%        N/A       10%         1
 Passwall                 Tmut/Erth      4%         N/A       14%         2
 Summon Ice Beast         Ice/Summ       22%        N/A       22%         4
 Confusing Touch          Hex            5%         N/A       28%         3
 Swiftness                Air            5%         N/A       28%         3
 Vampiric Draining        Necr           5%         2d6       28%         3


Dungeon Overview and Level Annotations

Branches:
Dungeon (6/15)
 Temple: D:4-7


Innate Abilities, Weirdness & Mutations

You have an increased reservoir of magic. (+10% MP)
You shall have no god before yourself.
Your divine heritage dramatically boosts your attributes as you level up.


Message History

* * * LOW HITPOINT WARNING * * *
You feel much better. The ice beast misses you.
You hit the ice beast.
The ice beast is heavily wounded.
The ice beast misses you.
You hit the ice beast.
The ice beast is severely wounded.
You barely miss the ice beast.
The ice beast is severely wounded.
The ice beast barely misses you.
You closely miss the ice beast.
The ice beast is severely wounded.
The ice beast hits you.
* * * LOW HITPOINT WARNING * * *
The ice beast freezes you!
* * * LOW HITPOINT WARNING * * *
It was a potion of degeneration.
There was something very wrong with that liquid.
You feel weakened.
You feel dopey.
You feel clumsy. The ice beast barely misses you.
You barely miss the ice beast.
The ice beast is severely wounded.
Okay, then.
Okay, then.
You fade into invisibility!
The ice beast hits you but does no damage.
You hit the ice beast.
The ice beast is severely wounded.
You block the ice beast's attack.
You hit the ice beast but do no damage.
The ice beast is severely wounded.
The ice beast closely misses you.
You hit the ice beast but do no damage.
The ice beast is severely wounded.
You hit the ice beast but do no damage.
The ice beast is severely wounded.
The ice beast hits you.
* * * LOW HITPOINT WARNING * * *
The ice beast freezes you!
You die...

#######'######.#
...........# #.#
...........###.#
.......)..))##.#
..........#)##.#
..........#.[#.#
..........##...#
..........###.Y########
..........###..@.......
.........##........###
.........##........#
#.........# #.....#..##
#.....##.##
#.....##..##
#########..# #####.#


You could see an ice beast (unable to see you).

Vanquished Creatures
  Pikel (D:4)
  Sigmund (D:5)
  Menkaure (D:6)
  An orc warrior (D:6)
  A black bear (D:5)
  2 centaurs
  2 lemures (D:4)
  A phantom (D:4)
  A bullfrog (D:6)
  6 scorpions
  4 hounds
  3 orc priests
  A jelly (D:6)
  A gnoll bouda (D:5)
  A sleepcap (D:4)
  3 orc wizards
  6 gnolls
  5 adders
  2 worms
  4 dart slugs
  20 orcs
  11 ball pythons
  5 bats
  3 endoplasms
  7 goblins
  7 hobgoblins
  14 kobolds
  A quokka (D:2)
  3 frilled lizards (D:1)
  4 rats
122 creatures vanquished.

Notes
Turn   | Place    | Note
-------+----------+-------------------------------------------
     0 | D:1      | jagang the Demigod Ice Elementalist began the quest for the
                  | Orb.
     0 | D:1      | Reached XP level 1. HP: 14/14 MP: 5/5
   204 | D:1      | Reached XP level 2. HP: 20/20 MP: 4/7
   380 | D:1      | Reached skill level 4 in Ice Magic
   692 | D:1      | Reached XP level 3. HP: 26/26 MP: 6/8
  1250 | D:2      | Learned a level 3 spell: Frozen Ramparts
  1646 | D:2      | Reached XP level 4. HP: 28/33 MP: 3/10
  2408 | D:3      | Reached skill level 5 in Ice Magic
  2408 | D:3      | Reached XP level 5. HP: 29/38 MP: 6/12
  3172 | D:4      | Noticed a centaur
  3196 | D:4      | Killed a centaur
  3258 | D:4      | Reached XP level 6. HP: 38/45 MP: 3/13
  3419 | D:4      | Learned a level 3 spell: Hailstorm
  3497 | D:4      | Noticed Pikel
  3543 | D:5      | Entered Level 5 of the Dungeon
  3853 | D:5      | Reached skill level 6 in Ice Magic
  3938 | D:5      | Reached skill level 1 in Conjurations
  3977 | D:5      | Reached XP level 7. HP: 47/50 MP: 11/15
  4254 | D:5      | Noticed Sigmund
  4264 | D:5      | Killed Sigmund
  5065 | D:4      | Killed Pikel
  5066 | D:4      | Reached skill level 5 in Dodging
  5066 | D:4      | Reached XP level 8. HP: 57/57 MP: 4/18
  5719 | D:4      | Reached skill level 7 in Ice Magic
  5870 | D:6      | Noticed Menkaure
  5878 | D:6      | Killed Menkaure
  5986 | D:6      | Identified the +3 plate armour of the Dice {rF++ Dex-3}
  6054 | D:6      | Reached skill level 5 in Conjurations
  6329 | D:6      | HP: 2/57 [ice beast (14)]
  6339 | D:6      | HP: 1/57 [ice beast (3)]
  6339 | D:6      | Mangled by an ice beast

Illustrated notes

Levels and vault maps discovered:
D:1:      dpeg_arrival_water_altar, layout_basic,
          nicolae_ecumenical_snake_handling, lexackson_kobold_supper
D:2:      layout_basic, kennysheep_nub
D:3:      layout_basic, mainiacjoe_overflow_surrounded_room,
          nicolae_ashenzari_panopticon, minivault_4
D:4:      layout_rooms, kennysheep_mini_moat, uniq_pikel
D:5:      layout_layer_cave, uniq_sigmund
D:6:      layout_basic, serial_glass, glass_columns_b, glass_columns_b,
          uniq_menkaure

Skill      XL: |  1  2  3  4  5  6  7  8 |
---------------+-------------------------+-----
Dodging        | 2 3 5 |  5.3
Spellcasting   | 2 3 4 |  4.9
Ice Magic      | 4 5 6 7 |  7.2
Conjurations   | 1 4 5 |  5.3
Stealth        | |  1.7

Action                     |  1- 3 |  4- 6 |  7- 9 || total
---------------------------+-------+-------+-------++-------
  Melee: Unarmed           |    18 |     1 |       ||    19
         Short sword       |       |    13 |    22 ||    35
         Staff             |       |       |    38 ||    38
         Punch             |       |       |     1 ||     1
   Cast: Freeze            |    75 |    77 |    81 ||   233
         Frozen Ramparts   |     1 |     5 |     9 ||    15
         Hailstorm         |       |     3 |     4 ||     7
    Use: Potion            |       |     1 |     3 ||     4
 Armour: Robe              |    14 |    13 |    19 ||    46
  Dodge: Dodged            |    28 |    45 |    73 ||   146
  Block: Other             |       |     9 |    29 ||    38
         Reflection        |       |     1 |       ||     1
